 Dungeon Crawl Stone Soup version bcrawl-1.21.3 (webtiles) character file.

Game seed: 9958657196747666261

361 Flugslaktarn the Chopper (level 6, -4/39 HPs)
             Began as a Skeleton Archaeologist on Mar 30, 2020.
             Slain by an orc
             ... wielding a +1 spear of distortion
              (9 damage)
             ... on level 3 of the Dungeon.
             The game lasted 00:03:32 (5190 turns).

Flugslaktarn the Chopper (Skeleton Archaeologist)   Turns: 5190, Time: 00:03:33

Health: -4/39      AC: 12    Str: 18 (20) XL:     6   Next: 38%
Magic:  0/6        EV: 11    Int: 12      God:
Gold:   237        SH:  0    Dex:  7      Spells: 5/5 levels left

rFire    . . .     SeeInvis .   f - +2 executioner's axe (flame)
rCold    + . .     Gourm    .   (shield currently unavailable)
rNeg     + + +     Faith    .   i - +0 scale mail
rPois    ∞         Spirit   +   c - +1 hat
rElec    .         Reflect  .   (no cloak)
rCorr    .         Harm     .   g - +2 pair of gloves
MR       .....                  d - +1 pair of boots
Stlth    +.........             (no amulet)
HPRegen  0.13/turn              (no ring)
MPRegen  0.10/turn              (no ring)

@: no status effects
A: no food or potions, cold resistance 1, deterioration 1, negative energy
resistance 3, powered by death 1, torment resistance, unbreathing, magic shield,
sturdy frame 1, spell healing
a: no special abilities


You were on level 3 of the Dungeon.
You were not hungry.

You visited 1 branch of the dungeon, and saw 3 of its levels.

You collected 237 gold pieces.

Inventory:

Hand Weapons
 a - a +0 whip
 f - a +2 executioner's axe of flaming (weapon)
   (You acquired it on level 2 of the Dungeon)
 j - a +0 hand axe
   (You found it on level 1 of the Dungeon)
Armour
 b - a +1 robe
 c - a +1 hat (worn)
 d - a +1 pair of boots (worn)
 g - a +2 pair of gloves (worn)
   (You found it on level 2 of the Dungeon)
 i - a +0 scale mail (worn)
   (You found it on level 1 of the Dungeon)
Scrolls
 e - 3 scrolls of magic mapping
 h - a scroll of amnesia {unknown}
 k - a scroll of noise {unknown}
 l - a scroll of enchant armour {unknown}
 r - a scroll of identify
 t - 4 scrolls of teleportation
 x - a scroll of remove curse


   Skills:
 * Level 4.4 Fighting
 * Level 4.4(4.5) Axes
 - Level 1.2(3.0) Maces & Flails
 + Level 2.6 Armour
 - Level 3.0 Dodging
 - Level 3.6 Stealth


You had 5 spell levels left.
You didn't know any spells.
Your spell library was empty.

Dungeon Overview and Level Annotations

Branches:
Dungeon (3/12)

Altars:
Okawaru


Innate Abilities, Weirdness & Mutations

You do not eat or drink.
You are immune to poison.
Your flesh is cold resistant. (rC+)
Your body sometimes deteriorates upon taking damage.
You are immune to negative energy. (rN+++)
You regenerate a little health from kills.
You are immune to unholy pain and torment.
You can survive without breathing.
When hurt, damage is shared between your health and your magic reserves.
Your movements are slightly less encumbered by armour. (ER -2)
Casting spells heals you.


Message History

Space bends around you. The kobold barely misses you.
You hit the kobold. You burn the kobold.
The kobold is severely wounded.
The orc hits you but does no damage.
You feel strangely unstable. The kobold hits you but does no damage.
A kobold comes into view.
The orc hits you from afar with a +1 spear of distortion.
You feel strangely stable. The kobold hits you but does no damage.
You hit the kobold. You burn the kobold.
You kill the kobold!
The orc hits you but does no damage. Space bends around you.
The orc hits you but does no damage. Space warps horribly around you!!
The orc closely misses you.
You closely miss the orc. The orc hits you but does no damage.
Space warps horribly around you!
* * * LOW HITPOINT WARNING * * *
Your body deteriorates!
You feel weakened. The kobold hits you but does no damage.
The orc hits you but does no damage. Space warps horribly around you!
You die...

#.####.########.#
#.##########
..........≈...#.# #.#
#.####..#####.#.####.##
.................>....#
#.##.##.#####.#..######
#.##.##..# #.#..#
#.##.###.## #.#..#
#.##.# #..# #.#..#
#.##.# ##.# #.#.@#
.)##.# #.###.#.oK......
####.####..##.##.#######
..............##.#
####.#####.#####.## .
.................
........###.####.##
........###..# #.#
........##..)##


You could see an orc and a kobold.

Vanquished Creatures
  2 sky beasts (D:3)
  An orc wizard (D:3)
  Natasha (D:3)
  Terence (D:3)
  A gnoll (D:2)
  An adder (D:3)
  3 worms
  2 dart slugs
  4 leopard geckos
  4 orcs
  A giant cockroach (D:3)
  5 goblins
  5 hobgoblins
  6 jackals (D:1)
  A quokka (D:1)
  2 bats (D:1)
  6 frilled lizards
  10 kobolds
  9 rats
65 creatures vanquished.

Notes
Turn   | Place    | Note
-------+----------+-------------------------------------------
     0 | D:1      | Flugslaktarn the Skeleton Archaeologist began the quest for
                  | the Orb.
     0 | D:1      | Reached XP level 1. HP: 12/12 MP: 1/1
   362 | D:1      | Reached XP level 2. HP: 10/17 MP: 2/2
   909 | D:1      | Reached XP level 3. HP: 14/23 MP: 3/3
  1924 | D:2      | Reached skill level 1 in Axes
  2039 | D:2      | Found an iron altar of Okawaru.
  2715 | D:2      | Noticed a sky beast
  2976 | D:3      | Reached XP level 4. HP: 28/28 MP: 4/4
  3031 | D:3      | Reached skill level 1 in Armour
  3585 | D:3      | Noticed Terence
  3602 | D:3      | Killed Terence
  3602 | D:3      | Reached XP level 5. HP: 31/33 MP: 3/5
  3602 | D:3      | Identified a scroll of acquirement
  3629 | D:3      | Noticed a sky beast
  3687 | D:3      | HP: 1/33 [something (4)]
  3882 | D:3      | Killed a sky beast
  4007 | D:3      | Noticed a sky beast
  4286 | D:3      | HP: 1/33 [something (4)]
  4669 | D:3      | Killed a sky beast
  4669 | D:3      | Gained mutation: You regenerate a little health from kills.
                  | [Skeleton growth]
  4669 | D:3      | Reached XP level 6. HP: 8/39 MP: 2/6
  5002 | D:3      | Noticed Natasha
  5008 | D:3      | Killed Natasha
  5190 | D:3      | Slain by an orc

Skill      XL: |  1  2  3  4  5 |
---------------+----------------+-----
Fighting       | 2 3 4 |  4.4
Axes           | 1 2 4 |  4.4
Armour         | 1 2 |  2.6
Maces & Flails | |  1.2
Dodging        | |  3.0
Stealth        | |  3.6

Action                   |  1- 3 |  4- 6 || total
-------------------------+-------+-------++-------
Melee: Whip              |   267 |    16 ||   283
       Hand axe          |       |   134 ||   134
       Executioner's axe |       |    44 ||    44
  Use: Scroll            |     3 |     1 ||     4
Armor: Robe              |    43 |       ||    43
       Scale mail        |    73 |   126 ||   199
Dodge: Dodged            |   163 |    94 ||   257
